 Dungeon Crawl Stone Soup version 0.31.0-11-ge490571c62 (webtiles) character file.

Game seed: 9068681582182687684

550 qw the Ducker (level 7, -2/35 HPs)
             Began as a Spriggan Hunter on Feb 4, 2024.
             Slain by a gnoll
             ... wielding a +0 club
             ... led by a gnoll bouda
              (6 damage)
             ... on level 4 of the Dungeon.
             The game lasted 00:00:09 (2225 turns).

qw the Ducker (Spriggan Hunter)                     Turns: 2225, Time: 00:00:09

Health: -2/35      AC:  2    Str:  7    XL:     7   Next: 7%
Magic:  8/8        EV: 22    Int: 10    God:
Gold:   170        SH:  0    Dex: 21    Spells: 6/6 levels left

rFire   . . .        a - +0 shortbow (heavy)
rCold   . . .        (shield currently unavailable)
rNeg    + . .        c - +0 robe
rPois   .            (helmet restricted)
rElec   .            (no cloak)
rCorr   .            (gloves unavailable)
SInv    +            (boots unavailable)
Will    +....        i - amulet of faith
Stlth   ++           f - ring of positive energy
HPRegen 0.25/turn    (no ring)
MPRegen 0.11/turn

%: faith
@: very quick
A: very small, no large weapons, unfitting armour, see invisible, speed 3
a: no special abilities


You were on level 4 of the Dungeon.
You visited 1 branch of the dungeon, and saw 4 of its levels.

You collected 194 gold pieces.
You spent 24 gold pieces at shops.


Innate Abilities, Weirdness & Mutations

You are very small and have problems with some larger weapons.
You are too small for most types of armour.
You have supernaturally acute eyesight. (SInv)
You cover ground extremely quickly. (Speed+++)


   Skills:
 - Level 2.5 Fighting
 + Level 6.6 Ranged Weapons
 - Level 6.7 Dodging
 - Level 1.5 Stealth


You had 6 spell levels left.
You didn't know any spells.
Your spell library was empty.

Inventory:

Hand Weapons
 a - a +0 heavy shortbow (weapon)
Armour
 c - a +0 robe (worn)
 d - a +0 cloak
Jewellery
 b - an amulet of reflection
 f - a ring of positive energy (left hand)
 i - an amulet of faith (around neck)
Scrolls
 g - a scroll of revelation {unknown}
 n - 2 scrolls of brand weapon
Potions
 e - a potion of might
 j - 2 potions of heal wounds
 k - 3 potions of curing

Dungeon Overview and Level Annotations

Branches:
Dungeon (4/15)
 Temple: D:4-7

Altars:
Hepliaklqana
Yredelemnul

Shops:
D:2 *


Message History

Found a stone staircase leading up.
Enter note:
Enter note:
Found a stone staircase leading down.
A black bear comes into view.
The black bear growls angrily.
You hear a shout!
The black bear moves out of view.
Found 5 gold pieces.
You shoot an arrow. The arrow hits the black bear!
The black bear is severely wounded.
You hear a shout!
A gnoll comes into view. It is wielding a +0 flail.
You hear a shout!
You shoot an arrow. The arrow hits the black bear!
You kill the black bear!
Your Dodging skill increases to level 6!
You shoot an arrow. The arrow hits the gnoll.
The gnoll is heavily wounded.
You hear a shout!
You shoot an arrow. The arrow hits the gnoll!
You kill the gnoll!
A gnoll bouda and 3 gnolls come into view.
Found a pair of boots.
You shoot an arrow.
The arrow closely misses the gnoll bouda.
The arrow closely misses the gnoll.
The gnoll hits you from afar with a +0 halberd!
Ouch! That really hurt!
You shoot an arrow. The arrow hits the gnoll bouda!!
You kill the gnoll bouda!
The gnoll completely misses you. The gnoll misses you.
You have reached level 7!
You shoot an arrow. The arrow hits the gnoll!
You kill the gnoll!
The gnoll completely misses you. The gnoll misses you.
You shoot an arrow.
The arrow hits the gnoll but does no damage.
The gnoll hits you from afar with a +0 halberd!
The gnoll hits you with a +0 club. x2
You die...

..........#.#
#######...#.#
#...#.# #...#.#
#####...#.#
...#.....#
#.#...#######.
#####.............
#..g@.....########
......>#.....#
.....g.#)###.#
.......#.# #.#
.$.....#.. ..#
...[...#.. #..
...###.##....# ...
#. ..


You could see 2 gnolls.

Vanquished Creatures
  Sigmund (D:2)
  A black bear (D:4)
  An ogre (D:4)
  A jelly (D:3)
  A hound (D:4)
  A gnoll bouda (D:4)
  An orc wizard (D:4)
  An adder (D:3)
  2 gnolls (D:4)
  2 ribbon worms
  A dart slug (D:1)
  6 orcs
  12 endoplasms
  2 giant cockroaches
  5 goblins
  6 hobgoblins
  4 jackals (D:1)
  6 kobolds
  2 ball pythons
  A bat (D:1)
  2 frilled lizards
  3 rats
62 creatures vanquished.

Notes
Turn   | Place    | Note
-------+----------+-------------------------------------------
     0 | D:1      | qw the Spriggan Hunter began the quest for the Orb.
     0 | D:1      | Reached XP level 1. HP: 10/10 MP: 2/2
     0 | D:1      | 0 ||| qw: Version: 0.3-a-160-g6735b56
     0 | D:1      | 0 ||| qw: Game counter: 4846
     0 | D:1      | 0 ||| qw: Melee chars always use a shield: true
     0 | D:1      | 0 ||| qw: God list: Okawaru
     0 | D:1      | 0 ||| qw: Allow faded altars: false
     0 | D:1      | 0 ||| qw: Do Orc after clearing Dungeon:15 true
     0 | D:1      | 0 ||| qw: Do second Lair branch before Depths: true
     0 | D:1      | 0 ||| qw: Lair rune preference: random
     0 | D:1      | 0 ||| qw: Goals: Normal
     0 | D:1      | 0 ||| PLANNING D:1-11
    41 | D:1      | Reached skill level 3 in Dodging
   174 | D:1      | Reached XP level 2. HP: 14/14 MP: 3/3
   250 | D:1      | 250 ||| RETREEEEATING.
   498 | D:1      | Reached XP level 3. HP: 18/18 MP: 4/4
   730 | D:1      | 730 ||| UPGRADING to amulet of faith.
   735 | D:1      | 735 ||| READING scroll labelled ZOOBEGG UNOOW.
   735 | D:1      | 735 ||| BRANDING +0 shortbow.
   736 | D:1      | 736 ||| READING scroll labelled AFOSIE UFRATSE.
   737 | D:1      | 737 ||| DRINKING 2 green potions.
   738 | D:1      | 738 ||| DROPPING scroll of butterflies.
   971 | D:2      | Found Pycae's General Store.
   980 | D:2      | 980 ||| BUYING scroll of identify (24 gold).
   980 | D:2      | Bought a scroll of identify for 24 gold pieces
  1034 | D:2      | Noticed Sigmund
  1035 | D:2      | 1035 ||| DRINKING potion of haste.
  1041 | D:2      | Killed Sigmund
  1042 | D:2      | Reached skill level 6 in Ranged Weapons
  1042 | D:2      | Reached XP level 4. HP: 22/22 MP: 5/5
  1042 | D:2      | Reached XP level 5. HP: 25/25 MP: 6/6
  1297 | D:2      | 1297 ||| READING 2 scrolls of identify.
  1297 | D:2      | 1297 ||| IDENTIFYING pink potion
  1298 | D:2      | 1298 ||| READING scroll of identify.
  1298 | D:2      | 1298 ||| IDENTIFYING fizzy dark potion
  1299 | D:2      | 1299 ||| READING scroll labelled TEVOLO BADUON.
  1400 | D:2      | 1400 ||| READING 2 scrolls labelled UPTOUCVOIMU.
  1401 | D:2      | 1401 ||| READING scroll labelled KOMOWI EWEOPN.
  1404 | D:2      | 1404 ||| READING scroll labelled QAXAH TAMEWONT.
  1404 | D:2      | 1404 ||| ENCHANTING +0 heavy shortbow.
  1405 | D:2      | 1405 ||| DRINKING 2 lumpy purple potions.
  1406 | D:2      | 1406 ||| DRINKING 3 golden potions.
  1407 | D:2      | 1407 ||| DROPPING scroll of amnesia.
  1408 | D:2      | 1408 ||| DROPPING potion of magic.
  1409 | D:2      | 1409 ||| DROPPING potion of ambrosia.
  1490 | D:3      | Found a basalt altar of Yredelemnul.
  1526 | D:3      | 1526 ||| DRINKING 2 glowing blue potions.
  1568 | D:3      | Found a hazy altar of Hepliaklqana.
  1747 | D:3      | Found a faded altar of an unknown god.
  1963 | D:3      | 1963 ||| UPGRADING to ring of positive energy.
  1976 | D:4      | Noticed an ogre
  1977 | D:4      | 1977 ||| DRINKING potion of haste.
  1979 | D:4      | Killed an ogre
  1980 | D:4      | Reached XP level 6. HP: 32/32 MP: 7/7
  2219 | D:4      | Reached skill level 6 in Dodging
  2224 | D:4      | Reached XP level 7. HP: 18/35 MP: 8/8
  2225 | D:4      | HP: 4/35 [gnoll/+0 club[a gnoll bouda] (6)]
  2225 | D:4      | Slain by a gnoll

Levels and vault maps discovered:
D:1:      wander_arrival_fairy_ring, layout_basic, hangedman_decor_peaks_small,
          minivault_19
D:2:      layout_loops_ring, serial_shops, shop, uniq_sigmund
D:3:      layout_basic, nicolae_hepliaklqana_hazy_memory, amcnicky_altar_gilded,
          ebering_ecumenical_altar_rust
D:4:      layout_basic, temple_statues, reono_crystal_passage, uniq_edmund

Skill      XL: |  1  2  3  4  5  6 |
---------------+-------------------+-----
Dodging        | 3 4 5 6 |  6.7
Ranged Weapons | 6 |  6.6
Fighting       | 2 |  2.5
Stealth        | |  1.5

Action                     |  1- 3 |  4- 6 |  7- 9 || total
---------------------------+-------+-------+-------++-------
   Fire: Shortbow          |    90 |    79 |     2 ||   171
    Use: Scroll            |     2 |     6 |       ||     8
         Potion            |     2 |     4 |       ||     6
 Armour: Robe              |    13 |     6 |     3 ||    22
  Dodge: Dodged            |    44 |    28 |     2 ||    74

Table legend:
 A = Non-vault XP
 B = Vault XP
 C = Vault XP percentage of total XP
 D = Non-vault monster count
 E = Vault monster count
 F = Vault count percentage of total count
                 A         B        C        D         E       F
            +---------+---------+-------+---------+---------+-------
      Total |     560 |     226 |  28.8 |      61 |       1 |   1.6
            +---------+---------+-------+---------+---------+-------
        D:1 |      44 |       0 |   0.0 |      24 |       0 |   0.0
        D:2 |      16 |     226 |  93.4 |       7 |       1 |  12.5
        D:3 |      91 |       0 |   0.0 |      16 |       0 |   0.0
        D:4 |     409 |       0 |   0.0 |      14 |       0 |   0.0
            +---------+---------+-------+---------+---------+-------
